Map: [TLMC19] Atlantis

Players

ByuN - Winner!

  • Race: Terran Terran
  • Spawn Location: 5:00

Krystianer

  • Race: Protoss Protoss
  • Spawn Location: 11:00

VOD

Have the link to the VOD?

Description

Time

  • Played on: Dec. 23, 2023, 5:23 a.m.
  • Length: 17:46
Show
View Real Time Build Order
Export as new Build Order

ByuN Terran - Winner!

Build Orders: Cyclone Opening 

Get SALT Encoding   

  12  0:00  SCV  
  13  0:12  SCV  
  14  0:17  Supply Depot  
  14  0:24  SCV  
  15  0:39  SCV  
  15  0:40  Barracks  
  16  0:42  Refinery  
  16  0:51  SCV  
  17  1:03  SCV  
  18  1:15  SCV  
  19  1:27  Orbital Command  
  20  1:37  Command Center  
  19  1:40  Marine  
  20  1:52  Factory  
  20  1:55  SCV  
  20  2:00  Refinery  
  21  2:02  Barracks Reactor  
  21  2:07  SCV  
  22  2:11  Supply Depot  
  22  2:19  SCV  
  23  2:33  SCV  
  23  2:35  Hellion  
  23  2:36  Starport  
  26  2:38  Marine x2  
  28  2:45  SCV  
  28  2:48  Orbital Command  
  29  2:56  Cyclone  
  31  2:59  SCV  
  31  3:03  Marine  
  31  3:05  Marine  
  34  3:13  Medivac  
  34  3:15  SCV  
  34  3:17  SCV  
  38  3:22  Marine  
  38  3:23  Marine  
  40  3:27  SCV  
  40  3:29  SCV  
  40  3:32  Factory Tech Lab  
  40  3:36  Supply Depot  
  40  3:39  SCV  
  41  3:41  SCV  
  41  3:42  Marine x2  
  41  3:44  Starport Tech Lab  
  44  3:49  Bunker  
  44  3:52  SCV  
  44  3:53  SCV  
  46  3:57  Siege Tank  
  46  3:58  Barracks  
  46  4:02  Supply Depot  
  49  4:05  SCV  
  49  4:06  SCV, Marine  
  49  4:08  Marine  
  53  4:20  Supply Depot  
  53  4:21  SCV  
  53  4:23  Banshee  
  57  4:24  Marine  
  57  4:26  Marine  
  57  4:29  SCV  
  60  4:42  Siege Tank, Marine, Refinery  
  60  4:44  SCV x2, Marine  
  67  4:46  Marine  
  67  4:47  Barracks  
  68  4:56  SCV x2  
  68  4:57  Engineering Bay  
  70  5:04  Supply Depot  
  70  5:13  Starport Reactor  
  70  5:15  Supply Depot  
  70  5:17  Stimpack  
  70  5:25  SCV x2, Marine x2, Factory Reactor  
  70  5:26  Refinery  
  72  5:30  Marauder  
  72  5:34  Terran Infantry Weapons Level 1  
  73  5:37  SCV x2  
  75  5:43  Marine x2  
  75  5:44  Command Center  
  75  5:49  Barracks  
  77  5:50  Barracks  
  77  5:52  SCV x2  
  77  5:55  Marauder x2  
  83  5:59  Medivac  
  85  6:06  Medivac  
  85  6:09  SCV x2  
  85  6:10  Supply Depot  
  85  6:14  Marine  
  86  6:22  Combat Shield  
  86  6:25  Supply Depot  
  86  6:31  SCV x2, Marine, Marauder x2  
  93  6:37  Barracks Tech Lab  
  93  6:39  Barracks Tech Lab  
  93  6:42  Supply Depot  
  93  6:43  SCV  
  94  6:47  SCV, Medivac x2  
  94  6:49  Marine x2  
  101  6:56  Widow Mine x2  
  101  6:57  Concussive Shells  
  101  6:59  Marauder x2  
  101  7:00  Marauder  
  111  7:04  Marauder  
  113  7:12  SCV  
  113  7:13  SCV  
  108  7:17  Marine x2  
  108  7:18  Orbital Command  
  110  7:24  SCV  
  110  7:25  SCV  
  110  7:29  Marauder x2  
  112  7:30  Marine x2  
  112  7:36  SCV  
  116  7:37  SCV  
  109  7:45  SCV  
  109  7:49  SCV x2  
  100  7:55  Marauder  
  100  7:56  Marauder  
  100  7:57  SCV, Marine x2  
  103  8:01  SCV x2  
  105  8:09  SCV  
  105  8:10  Marauder x2  
  110  8:13  SCV x2  
  110  8:14  Marine  
  110  8:15  Marine  
  110  8:17  Marauder  
  110  8:18  Marauder  
  110  8:19  Medivac x2  
  122  8:21  SCV, Widow Mine  
  122  8:24  Supply Depot  
  122  8:25  Refinery  
  122  8:26  Supply Depot  
  125  8:31  Supply Depot, Terran Infantry Armor Level 1  
  125  8:32  SCV x2  
  124  8:35  Marine x2, Widow Mine  
  124  8:36  Marauder x2  
  132  8:45  Armory  
  132  8:46  Marauder x2  
  133  9:03  Marine x2, Marauder x2  
  121  9:10  Marauder x2  
  121  9:14  Widow Mine x2  
  115  9:21  Marine x2  
  115  9:23  Medivac x2  
  121  9:24  Marauder x2  
  121  9:26  Engineering Bay  
  121  9:31  SCV x3, Marine, Marauder  
  124  9:35  Widow Mine x2  
  131  9:38  Marine  
  131  9:40  Ghost Academy  
  131  9:42  Command Center  
  131  9:43  Marine  
  131  9:44  Sensor Tower  
  135  9:46  Marauder x2  
  135  9:49  Marauder  
  141  9:53  Marauder, Viking  
  141  9:54  Viking  
  141  9:56  Terran Infantry Weapons Level 2  
  141  9:58  Supply Depot  
  145  10:01  SCV x3  
  148  10:12  Marauder  
  154  10:22  Ghost x2  
  154  10:23  Viking  
  154  10:24  Viking  
  154  10:25  Ghost  
  158  10:29  SCV  
  159  10:37  Marauder  
  159  10:47  SCV x2  
  154  10:52  Marauder  
  154  10:53  Viking  
  154  10:54  Viking  
  156  11:00  Marauder x2  
  156  11:01  Marauder  
  156  11:02  Marine x2  
  164  11:05  Terran Infantry Armor Level 2  
  164  11:09  Supply Depot, Widow Mine x2  
  168  11:12  Supply Depot, SCV, Missile Turret, Command Center  
  168  11:13  SCV, Marauder  
  168  11:14  SCV  
  173  11:19  Supply Depot  
  173  11:20  Supply Depot  
  173  11:30  Marine, Ghost x2  
  178  11:44  Marauder x2  
  177  11:47  Marine  
  177  11:48  Marine  
  154  11:58  Widow Mine x2  
  154  11:59  Marauder x2, Medivac x2  
  163  12:04  SCV  
  163  12:05  SCV, Marine x3  
  168  12:16  Terran Infantry Weapons Level 3  
  168  12:21  Marauder x2  
  174  12:23  Marauder x2, Widow Mine  
  170  12:31  Marine x2  
  170  12:33  Widow Mine  
  166  12:42  Marauder x2  
  161  12:44  Marine, Widow Mine  
  161  12:45  Marauder  
  161  12:47  Medivac x2  
  161  12:49  Marine x2  
  147  12:55  Widow Mine  
  136  13:02  Marauder  
  136  13:03  Marine  
  136  13:04  Orbital Command, Marauder  
  143  13:05  Marine, Widow Mine  
  143  13:07  Marine  
  143  13:12  Marine  
  146  13:16  Widow Mine  
  146  13:17  Medivac x2  
  150  13:21  Marauder  
  150  13:23  Marine  
  150  13:24  Marauder  
  150  13:25  Marauder  
  150  13:26  Marine  
  158  13:27  Widow Mine  
  158  13:30  Marine  
  139  13:38  Widow Mine  
  136  13:41  Marauder  
  136  13:43  Marauder  
  136  13:44  Marine  
  136  13:45  Marauder  
  136  13:46  Marine  
  136  13:48  Marine, Widow Mine, Viking x2  
  141  13:51  Barracks x2  
  141  13:53  Barracks  
  141  14:02  Marine, Ghost  
  142  14:03  Ghost x2  
  142  14:05  Marine  
  142  14:06  Ghost  
  142  14:09  Orbital Command  
  151  14:20  Marine  
  151  14:23  Marine  
  155  14:24  Widow Mine x2  
  155  14:27  Refinery  
  155  14:28  Refinery  
  155  14:31  Marine  
  157  14:32  Ghost x2  
  157  14:35  Marine  
  157  14:38  Marine  
  164  14:45  Marine x2  
  166  14:49  Marauder  
  166  14:53  Marauder  
  166  14:56  Marine  
  171  15:01  Marauder x2  
  171  15:03  Marine  
  171  15:06  Barracks Tech Lab x2, Barracks Reactor  
  172  15:10  Ghost  
  172  15:11  Refinery  
  172  15:12  Refinery, Command Center  
  172  15:13  Ghost, Command Center  
  172  15:16  Marine  
  172  15:20  Marine, Medivac  
  178  15:23  Marauder x2  
  178  15:28  Marauder x2  
  185  15:30  Supply Depot  
  185  15:33  Marine  
  185  15:34  Missile Turret  
  186  15:39  Marauder  
  188  15:43  Marine, Ghost, Marauder  
  188  15:44  Marine, Marauder  
  188  15:46  Viking  
  188  15:49  Marauder  
  200  15:53  Factory Reactor  
  200  15:56  Marauder  
  200  16:01  Starport  
  198  16:11  Medivac  
  191  16:28  Viking  
  190  16:37  Marauder x3  
  190  16:38  Marauder  
  196  16:41  Viking  
  196  16:44  Medivac  
  199  16:49  Marauder  
  200  17:00  Ghost  
  200  17:06  Marauder x2  
  199  17:16  Command Center  
  190  17:24  Command Center x2  
  190  17:26  Marine x2  
  190  17:27  Marine x2  
Show
View Real Time Build Order
Export as new Build Order

Krystianer Protoss 

Build Orders: 1 Gate Expand, Blink Stalkers 

Get SALT Encoding   

  12  0:00  Probe  
  13  0:12  Probe  
  14  0:18  Pylon  
  14  0:24  Probe (Chrono Boost)  
  15  0:36  Gateway  
  15  0:38  Probe (Chrono Boost)  
  16  0:44  Probe (Chrono Boost)  
  16  0:46  Assimilator  
  17  0:52  Probe  
  18  1:04  Probe  
  19  1:16  Probe  
  20  1:23  Nexus  
  20  1:31  Cybernetics Core  
  20  1:35  Probe  
  21  1:40  Assimilator  
  21  1:47  Probe  
  21  1:50  Pylon  
  22  2:00  Probe  
  23  2:06  Adept (Chrono Boost)  
  23  2:09  Warp Gate  
  23  2:12  Probe  
  26  2:20  Twilight Council  
  26  2:24  Probe (Chrono Boost)  
  26  2:28  Stalker  
  29  2:36  Probe x2 (Chrono Boost)  
  33  2:44  Probe x2 (Chrono Boost)  
  33  2:49  Probe (Chrono Boost)  
  33  2:50  Probe  
  33  2:51  Blink (Chrono Boost)  
  35  3:01  Stalker, Probe  
  35  3:04  Probe  
  39  3:13  Probe  
  39  3:16  Probe  
  41  3:25  Probe  
  42  3:30  Probe  
  41  3:38  Probe  
  41  3:39  Nexus  
  42  3:41  Pylon  
  42  3:42  Probe  
  43  3:50  Probe  
  43  3:54  Probe  
  45  4:00  Stalker, Robotics Facility  
  48  4:03  Gateway  
  48  4:06  Probe  
  47  4:12  Probe  
  47  4:14  Forge  
  47  4:18  Probe  
  47  4:19  Pylon  
  47  4:23  Stalker  
  47  4:24  Probe  
  47  4:30  Probe (Chrono Boost)  
  48  4:37  Probe (Chrono Boost)  
  47  4:42  Probe (Chrono Boost)  
  47  4:43  Charge  
  47  4:45  Protoss Ground Armor Level 1 (Chrono Boost)  
  48  4:48  Probe (Chrono Boost)  
  48  4:51  Probe (Chrono Boost)  
  51  4:54  Probe x2 (Chrono Boost)  
  51  4:56  Stalker  
  51  4:58  Stalker  
  58  5:01  Observer, Probe (Chrono Boost)  
  58  5:04  Probe (Chrono Boost)  
  60  5:08  Probe (Chrono Boost)  
  60  5:10  Probe (Chrono Boost)  
  60  5:11  Probe (Chrono Boost)  
  62  5:15  Gateway x2  
  62  5:18  Probe (Chrono Boost)  
  62  5:19  Probe (Chrono Boost)  
  65  5:27  Probe (Chrono Boost)  
  65  5:28  Shield Battery, Probe (Chrono Boost)  
  67  5:30  Stalker x2, Probe (Chrono Boost)  
  67  5:32  Observer  
  67  5:33  Shield Battery, Probe (Chrono Boost)  
  73  5:37  Pylon  
  73  5:40  Gateway  
  73  5:41  Gateway  
  73  5:45  Gateway  
  73  5:48  Gateway  
  73  5:52  Observer  
  73  5:53  Pylon  
  73  5:55  Stalker  
  75  5:57  Stalker  
  75  6:00  Probe  
  75  6:01  Probe  
  75  6:02  Probe  
  79  6:12  Probe  
  79  6:13  Pylon  
  79  6:15  Assimilator  
  79  6:17  Assimilator  
  79  6:18  Probe  
  80  6:23  Observer (Chrono Boost)  
  80  6:24  Probe  
  82  6:25  Zealot x4  
  82  6:31  Probe  
  91  6:32  Warp Prism (Chrono Boost)  
  91  6:33  Pylon  
  93  6:40  Probe x2  
  93  6:41  Zealot x3  
  93  6:44  Pylon  
  93  6:46  Protoss Ground Weapons Level 1 (Chrono Boost)  
  101  6:49  Pylon  
  101  6:53  Zealot x2, Sentry, Pylon  
  107  7:00  Assimilator  
  107  7:01  Pylon  
  107  7:05  Robotics Bay  
  106  7:09  Pylon  
  106  7:10  Stalker  
  106  7:11  Stalker  
  110  7:17  Zealot x4, Pylon  
  110  7:22  Zealot x2  
  122  7:27  Probe  
  113  7:41  Zealot  
  113  7:42  Stalker  
  109  7:46  Zealot x5  
  109  7:48  Zealot  
  109  7:49  Probe x2  
  97  7:52  Probe  
  97  7:56  Stalker x3  
  92  7:58  Colossus (Chrono Boost)  
  92  8:04  Observer  
  97  8:09  Stalker, Zealot x4  
  97  8:11  Probe  
  108  8:15  Pylon  
  108  8:17  Probe  
  109  8:20  Assimilator  
  109  8:25  Observer  
  109  8:29  Extended Thermal Lance (Chrono Boost), Probe  
  109  8:33  Zealot x2  
  114  8:36  Zealot, Sentry, Colossus (Chrono Boost)  
  114  8:37  Zealot x2  
  114  8:39  Zealot  
  130  8:45  Pylon  
  130  8:50  Zealot  
  130  8:54  Zealot x2  
  136  8:57  Zealot x3  
  136  9:03  Zealot x2  
  136  9:07  Probe  
  136  9:08  Probe  
  111  9:19  Warp Prism (Chrono Boost)  
  111  9:30  Stalker x7  
  125  9:46  Nexus  
  125  9:51  Observer (Chrono Boost)  
  126  9:55  Zealot x6  
  126  9:58  Zealot  
  126  9:59  Zealot  
  142  10:03  Probe  
  143  10:11  Probe  
  134  10:18  Sentry x2  
  134  10:19  Disruptor (Chrono Boost), Stalker x3  
  134  10:20  Sentry x3  
  144  10:23  Probe  
  144  10:27  Probe  
  150  10:29  Probe  
  150  10:31  Robotics Facility  
  150  10:35  Probe  
  152  10:39  Probe  
  152  10:42  Pylon  
  152  10:53  Probe  
  152  10:54  Disruptor (Chrono Boost)  
  147  11:00  Probe  
  148  11:06  Zealot x7, Protoss Ground Armor Level 2 (Chrono Boost)  
  148  11:07  Zealot  
  148  11:09  Pylon  
  162  11:13  Robotics Facility  
  162  11:15  Dark Shrine  
  162  11:18  Pylon  
  162  11:23  Disruptor x2  
  170  11:29  Stalker x3  
  174  11:39  Stalker x2  
  178  11:40  Stalker x2  
  166  11:48  Zealot  
  166  11:53  Zealot x3  
  140  11:56  Disruptor (Chrono Boost)  
  142  12:04  Stalker x4  
  142  12:06  Disruptor (Chrono Boost)  
  148  12:10  Stalker  
  150  12:17  Shield Battery, Immortal  
  150  12:20  Zealot x3  
  160  12:25  Colossus (Chrono Boost)  
  160  12:29  Zealot x3  
  158  12:39  Zealot x2  
  158  12:42  Zealot x3  
  134  12:53  Probe  
  134  12:56  Disruptor (Chrono Boost)  
  123  13:01  Zealot x5  
  123  13:02  Zealot x2  
  123  13:03  Zealot  
  141  13:07  Probe  
  142  13:15  Protoss Ground Weapons Level 2 (Chrono Boost)  
  142  13:16  Observer (Chrono Boost), Photon Cannon  
  143  13:22  Zealot x6  
  143  13:25  Zealot x2  
  159  13:33  Nexus  
  135  13:36  Immortal (Chrono Boost)  
  135  13:41  Disruptor (Chrono Boost)  
  139  14:06  Nexus  
  145  14:12  Colossus (Chrono Boost)  
  137  14:18  Stalker  
  137  14:19  Stalker x2  
  143  14:28  Photon Cannon  
  141  14:32  Colossus (Chrono Boost)  
  147  14:46  Observer (Chrono Boost)  
  147  14:48  Zealot x3  
  141  14:54  Dark Templar  
  141  14:58  Dark Templar  
  139  15:01  Dark Templar  
  139  15:04  Dark Templar  
  143  15:17  Disruptor (Chrono Boost)  
  143  15:18  Disruptor (Chrono Boost)  
  141  15:32  Zealot x6  
  151  15:36  Disruptor  
  151  15:41  Dark Templar  
  153  15:47  Pylon  
  151  15:59  Zealot x4  
  151  16:02  Disruptor (Chrono Boost)  
  161  16:14  Stalker  
  161  16:15  Stalker x3  
  157  16:25  Zealot x3  
  157  16:26  Zealot  
  157  16:28  Disruptor (Chrono Boost)  
  167  16:39  Zealot x4, Observer (Chrono Boost)  
  173  16:50  Stalker x2  
  174  16:57  Zealot x2  
  160  17:02  Zealot x2  
  160  17:07  Zealot  
  159  17:08  Probe  
  139  17:34  Zealot x3  
Tags
 
Add a new tag
Caveats
  • Supply blocks, unpowered buildings, or Contaminate may cause inaccurate times.
  • Supply counts are checked every 10 seconds.